 BcadrenCrawl: Boulder Brew version 0.04.2-10-g17648f679b (webtiles) character file.

Game seed: 8559412076749566056, levelgen mode: deterministic

2491 gruber the Agnostic (level 9, 0/66 HPs) Gnoll Demonspawn. Began on May 2, 2021. Slain by an orc warrior ... wielding a cursed +2 battleaxe of electrocution {(Curse: Fragile rF- Int-3)} (30 damage) ... on level 4 of the Dungeon. The game lasted 00:09:48 (4342 turns).

gruber the Agnostic (Gnoll Demonspawn)              Turns: 4342, Time: 00:09:49

Health: 0/66       AC:  5    Str: 16    XL:     9 ^: 1089
Magic:  16/16      EV: 17    Int: 19    God:
Gold:   186        SH:  3    Dex: 18    Spells: 11/17 levels left

rFire    + . .     Vision   .   x - +0 scimitar (molten)
rCold    . . .     Gourm    +   u - +0 sai
rNeg     . . .     Faith    .   b - +0 leather armour
rPois    .         Spirit   .   (no helmet)
rElec    .         Reflect  .   r - +0 cloak
rCorr    .         Harm     .   p - +0 pair of gloves
MR       +....                  (no boots)
Stlth    ++++++....             t - amulet of the gourmand
HPRegen  0.32/turn              h - ring of wizardry
MPRegen  0.26/turn              j - ring of protection from magic

@: no status effects
A: distributed training, fangs 1, hooves 1, thin skeletal structure 2, fire
resistance 1, nightstalker 2, strong nose
a: no special abilities


You were on level 4 of the Dungeon.
You were not hungry.

You visited 1 branch of the dungeon, and saw 4 of its levels.

You collected 186 gold pieces.

Inventory:

Weapons
 a - a +0 long sword
 g - a cursed +2 short sword of caustic ooze {(Curse: *Noise)}
 x - a +0 scimitar of molten steel (weapon) Shields
 u - a +0 sai (weapon)
Armour
 b - a +0 leather armour (worn)
 p - a +0 pair of gloves (worn)
 r - a +0 cloak (worn)
Jewellery
 f - an uncursed ring of ice
 h - a ring of wizardry (left hand)
 j - a ring of protection from magic (right hand)
 k - a cursed ring of evasion {(Curse: rF-)}
 t - an amulet of the gourmand (around neck)
 w - an uncursed ring of protection from magic
Wands
 o - a wand of acid
 v - a wand of polymorph (2)
Scrolls
 e - a scroll of bless item
 i - a scroll of magic mapping
 l - a scroll of teleportation
 s - a scroll of summoning
Potions
 c - 2 potions of curing
 n - a potion of haste
 q - a potion of cure mutation
Comestibles
 d - 8 rations


   Skills:
 + Level 4.7 Fighting
 + Level 3.9 Short Blades
 + Level 6.1 Long Blades
 + Level 3.9 Axes & Hammers
 + Level 3.9 Whips & Flails
 + Level 3.9 Polearms
 + Level 3.9 Maces & Staves
 + Level 3.9 Slings
 + Level 3.9 Bows
 + Level 3.9 Crossbows
   Level 0.0 Throwing
 + Level 3.9 Armour
 + Level 7.7 Dodging
 + Level 5.8 Stealth
 + Level 3.9 Shields
 + Level 3.9 Unarmed Combat
 + Level 4.9 Spellcasting
 + Level 3.2 Hexes
 + Level 3.2 Charms
 + Level 3.2 Summonings
 + Level 3.2 Necromancy
 + Level 3.2 Translocations
 + Level 3.2 Transmutations
 + Level 5.0 Fire Magic
 + Level 3.2 Ice Magic
 + Level 3.2 Air Magic
 + Level 3.2 Earth Magic
 + Level 3.2 Poison Magic
 + Level 9.2 Invocations
 + Level 3.9 Evocations


You had 11 spell levels left.
You knew the following spells:

 Your Spells              Type           Power        Failure   Level  Hunger
a - Flame Tongue          Fire           23 (30)      1%          1    None
b - Blink                 Tloc           N/A          2%          2    #......
c - Mephitic Cloud        Pois/Air       16 (100)     4%          3    ##.....

Your spell library contained the following spells:

 Spells                   Type           Power        Failure   Level  Hunger
 Conjure Flame            Fire           23 (100)     1%          3    ##.....
 Call Imp                 Summ           16 (100)     2%          2    #......
 Slow                     Hex            16 (100)     2%          2    #......


Dungeon Overview and Level Annotations

Branches:
Dungeon (4/8)
 Temple: D:4

Altars:
Cheibriados
Dithmenos
Fedhas Madash
Xom
Zin


Innate Abilities, Weirdness & Mutations

Your experience applies equally to all skills.
You have very sharp teeth.
You have large cloven feet.
You have a moderately thin skeletal structure. (Dex +4, Stealth+)
You are heat resistant. (rF+)
You are significantly more attuned to the shadows.
Your uncanny sense of smell can sniff out nearby items.


Message History

The orc priest casts a cantrip, but nothing happens.
You feel sick. (1)
The orc priest begins to cast a cantrip, but forgets the words!
The orc wizard gestures at you while chanting.
The puff of flame misses you.
You feel sick. (1)
You feel sick. (1)
You feel sick. (1)
You are no longer poisoned.
Items here: ))) [ ÷÷÷
There is an open door here.
There is an escape hatch in the ceiling here.
There is a stone staircase leading up here.
There is an escape hatch in the ceiling here.
You hit the orc warrior but do no damage.
You barely miss the orc warrior.
You bite the orc warrior, but do no damage.
The orc warrior is severely wounded. (6/28) HP The orc warrior hits you with a cursed +2 battleaxe of electrocution {(Curse: Fragile rF- Int-3)} (30)!!
You die...

..>..÷....#.###))[...#
.....÷....o.# ##.#####
..........### #o#
######.#### #.# #.## #.#
#.o# #.## #########'###
#..##
#...........#######..###
#....<<@o...'...........
#...........############
#...........# ###.#
#..[........# #○#)#
##'########## ##'#.#
#...# #..... ###.#
#..#.# #.# ######
####'######## #.#


You could see an orc warrior and an orc priest (wandering).

Vanquished Creatures
  Erica (D:4)
  Edmund (D:2)
  An orc warrior (D:4)
  2 ice beasts (D:4)
  A sky beast (D:4)
  Ijyb (D:2)
  A crocodile (D:2)
  2 big kobolds (D:2)
  Blork the orc (D:2)
  A bullfrog (D:4)
  5 jellies (D:2)
  An orc priest (D:4)
  A hound (D:3)
  2 iguanas
  3 worker ants
  5 giant cockroaches
  2 bullfrog skeletons (D:3)
  2 bullfrog zombies (D:4)
  7 adders
  3 gnolls (D:4)
  31 sewer rats (D:2)
  A white imp (D:3)
  4 cinder newts (D:2)
  5 worms
  An ooze (D:2)
  6 leopard geckos
  15 orcs
  3 adder skeletons (D:2)
  2 hobgoblins (D:1)
  2 quokkas
  A ball python (D:2)
  4 bats
  A bat skeleton (D:2)
  3 goblins (D:1)
  2 goblin skeletons (D:2)
  A hobgoblin skeleton (D:2)
  11 kobolds
  A quokka skeleton (D:2)
  4 rats
  A giant blowfly (D:2)
  3 withered plants (D:2)
145 creatures vanquished.

Vanquished Creatures (others)
  A plant (D:2)
  2 slimeheads (D:2)
  68 withered plants (D:2)
71 creatures vanquished.

Grand Total: 216 creatures vanquished

Notes
Turn   | Place    | Note
-------+----------+-------------------------------------------
     0 | D:1      | gruber the Gnoll Demonspawn began the quest for the Orb.
     0 | D:1      | Reached XP level 1. HP: 17/17 MP: 4/4
   107 | D:1      | Gained mutation: You are heat resistant. (rF+) [demonic
                  | ancestry]
   107 | D:1      | Reached XP level 2. HP: 23/23 MP: 6/6
   317 | D:1      | Gained mutation: You have a somewhat thin skeletal
                  | structure. (Dex +2, Stealth) [demonic ancestry]
   317 | D:1      | Reached XP level 3. HP: 28/28 MP: 7/7
  1022 | D:2      | Noticed Edmund
  1039 | D:2      | Noticed a big kobold
  1044 | D:2      | Identified the cursed amulet of Buemeck {Chaos Stlth+,
                  | (Curse: *Drain Fragile)}
  1047 | D:2      | Gained mutation: You are slightly more attuned to the
                  | shadows. [demonic ancestry]
  1047 | D:2      | Reached XP level 4. HP: 26/34 MP: 9/9
  1102 | D:2      | Reached skill level 1 in Short Blades
  1102 | D:2      | Reached skill level 1 in Axes & Hammers
  1102 | D:2      | Reached skill level 1 in Whips & Flails
  1102 | D:2      | Reached skill level 1 in Polearms
  1102 | D:2      | Reached skill level 1 in Maces & Staves
  1102 | D:2      | Reached skill level 1 in Slings
  1102 | D:2      | Reached skill level 1 in Bows
  1102 | D:2      | Reached skill level 1 in Crossbows
  1102 | D:2      | Reached skill level 1 in Armour
  1102 | D:2      | Reached skill level 1 in Shields
  1102 | D:2      | Reached skill level 1 in Unarmed Combat
  1102 | D:2      | Reached skill level 1 in Evocations
  1107 | D:2      | Killed a big kobold
  1107 | D:2      | Reached skill level 1 in Hexes
  1107 | D:2      | Reached skill level 1 in Charms
  1107 | D:2      | Reached skill level 1 in Summonings
  1107 | D:2      | Reached skill level 1 in Necromancy
  1107 | D:2      | Reached skill level 1 in Translocations
  1107 | D:2      | Reached skill level 1 in Transmutations
  1107 | D:2      | Reached skill level 1 in Ice Magic
  1107 | D:2      | Reached skill level 1 in Air Magic
  1107 | D:2      | Reached skill level 1 in Earth Magic
  1107 | D:2      | Reached skill level 1 in Poison Magic
  1107 | D:2      | Gained mutation: You have a moderately thin skeletal
                  | structure. (Dex +4, Stealth+) [demonic ancestry]
  1107 | D:2      | Reached XP level 5. HP: 17/40 MP: 10/10
  1244 | D:2      | Reached skill level 7 in Invocations
  1258 | D:2      | Learned a level 2 spell: Blink
  1262 | D:2      | Learned a level 3 spell: Mephitic Cloud
  1342 | D:2      | Gained mutation: You are significantly more attuned to the
                  | shadows. [demonic ancestry]
  1342 | D:2      | Reached XP level 6. HP: 47/47 MP: 11/11
  1607 | D:2      | Noticed Blork the orc
  1611 | D:2      | Killed Blork the orc
  1648 | D:2      | Reached skill level 5 in Long Blades
  1655 | D:2      | Reached XP level 7. HP: 52/52 MP: 12/12
  1752 | D:2      | Killed Edmund
  2138 | D:2      | Noticed Ijyb
  2146 | D:2      | Killed Ijyb
  2146 | D:2      | Reached skill level 5 in Stealth
  2146 | D:2      | Gained mutation: You have large cloven feet. [demonic
                  | ancestry]
  2146 | D:2      | Reached XP level 8. HP: 50/60 MP: 13/13
  2180 | D:2      | Reached skill level 8 in Invocations
  2506 | D:2      | Found a shadowy altar of Dithmenos.
  3249 | D:3      | Found a glowing silver altar of Zin.
  3567 | D:3      | Found a snail-covered altar of Cheibriados.
  3897 | D:4      | Found a blossoming altar of Fedhas.
  3901 | D:4      | Found a shimmering altar of Xom.
  3986 | D:4      | Reached XP level 9. HP: 44/66 MP: 15/15
  3999 | D:4      | Noticed Erica
  4012 | D:4      | Killed Erica
  4012 | D:4      | Reached skill level 5 in Fire Magic
  4012 | D:4      | Reached skill level 9 in Invocations
  4342 | D:4      | Slain by an orc warrior

Levels and vault maps discovered:
D:1:      ncdulo_watergridlock, layout_basic, first_ration, grunt_decor_clamped,
          minmay_misc_feat_encased
D:2:      cheibrodos_two_vegetables, layout_sewer, grunt_dithmenos_smoke,
          minivault_23, kennysheep_generic_room_7, uniq_blork_the_orc,
          uniq_ijyb, uniq_edmund
D:3:      layout_loops_corners, lemuel_doored_altar, basic_altar
D:4:      layout_roguey, grunt_temple_overflow_open,
          minmay_temple_entry_glassed_door, special_room [special_room_bee],
          grunt_pizzeria, uniq_erica

Skill      XL: |  1  2  3  4  5  6  7  8  9 |
---------------+----------------------------+-----
Short Blades   | 1 2 3 |  3.9
Axes & Hammers | 1 2 3 |  3.9
Whips & Flails | 1 2 3 |  3.9
Polearms       | 1 2 3 |  3.9
Maces & Staves | 1 2 3 |  3.9
Slings         | 1 2 3 |  3.9
Bows           | 1 2 3 |  3.9
Crossbows      | 1 2 3 |  3.9
Armour         | 1 2 3 |  3.9
Shields        | 1 2 3 |  3.9
Unarmed Combat | 1 2 3 |  3.9
Evocations     | 1 2 3 |  3.9
Spellcasting   | 3 4 |  4.9
Hexes          | 1 2 3 |  3.2
Charms         | 1 2 3 |  3.2
Summonings     | 1 2 3 |  3.2
Necromancy     | 1 2 3 |  3.2
Translocations | 1 2 3 |  3.2
Transmutations | 1 2 3 |  3.2
Ice Magic      | 1 2 3 |  3.2
Air Magic      | 1 2 3 |  3.2
Earth Magic    | 1 2 3 |  3.2
Poison Magic   | 1 2 3 |  3.2
Invocations    | 7 8 9 |  9.2
Fighting       | 3 4 |  4.7
Fire Magic     | 4 5 |  5.0
Long Blades    | 5 6 |  6.1
Dodging        | 7 |  7.7
Stealth        | 5 |  5.8

Action                   |  1- 3 |  4- 6 |  7- 9 || total
-------------------------+-------+-------+-------++-------
Melee: Long sword        |    16 |       |       ||    16
       Unarmed           |     8 |    22 |    89 ||   119
       Short sword       |    10 |    48 |   179 ||   237
       Bite              |       |     1 |    21 ||    22
       Kick              |       |       |    34 ||    34
       Sai               |       |       |    28 ||    28
       Scimitar          |       |       |     8 ||     8
 Cast: Blink             |       |       |     3 ||     3
       Mephitic Cloud    |       |       |     2 ||     2
Evoke: Wand              |       |       |     2 ||     2
 Stab: Sleeping          |     5 |     6 |    25 ||    36
       Distracted        |       |     1 |     4 ||     5
  Eat: Chunk             |       |     2 |    13 ||    15
Armor: Leather armour    |     2 |     2 |    16 ||    20
Dodge: Dodged            |    20 |    13 |   153 ||   186
Block: Sai               |       |       |     5 ||     5
       Rpst.: Long sword |     4 |       |       ||     4
       Scimitar          |       |       |     1 ||     1
